 Dungeon Crawl Stone Soup version 0.30.1-4-g462c640d31 (webtiles) character file.

Game seed: 15147023357093854283

516 kingsuperguy the Protected (level 7, 0/78 HPs)
             Began as a Gnoll Wanderer on Sept 1, 2023.
             Succumbed to a water moccasin's poison
             ... on level 6 of the Dungeon.
             The game lasted 00:06:20 (3290 turns).

kingsuperguy the Protected (Gnoll Wanderer)         Turns: 3290, Time: 00:06:20

Health: 0/78       AC: 12    Str: 20    XL:     7   Next: 20%
Magic:  10/10      EV: 10    Int:  9    God:
Gold:   111        SH:  0    Dex:  7    Spells: 10/10 levels left

rFire   . . .        a - +1 mace
rCold   . . .        (no shield)
rNeg    . . .        b - +2 scale mail
rPois   .            f - +0 helmet
rElec   .            (no cloak)
rCorr   .            (no gloves)
SInv    .            (no boots)
Will    .....        (no amulet) Stlth
                     (no ring)
HPRegen 0.33/turn    (no ring)
MPRegen 0.12/turn

%: no passive effects
@: berserking, lethally poisoned (0 -> -11), very quick
A: fangs 1, strong nose, distributed training
a: no special abilities


You were on level 6 of the Dungeon.
You visited 1 branch of the dungeon, and saw 6 of its levels.

You collected 111 gold pieces.

Inventory:

Hand Weapons
 a - a +1 mace (weapon)
Armour
 b - a +2 scale mail (worn)
 f - a +0 helmet (worn)
Wands
 m - a wand of flame (18)
Scrolls
 d - 2 scrolls of teleportation
 j - a scroll of fear {unknown}
 k - a scroll of noise
 l - a scroll of immolation {unknown}
 o - 2 scrolls of identify
 r - a scroll of blinking {unknown}
 t - a scroll of fog {unknown}
 u - a scroll of vulnerability {unknown}
 v - a scroll of magic mapping {unknown}
Potions
 e - a potion of lignification {unknown}
 g - 2 potions of flight {unknown}
 h - 4 potions of curing {unknown}
 i - 2 potions of attraction {unknown}
 p - 2 potions of brilliance {unknown}
 q - a potion of mutation {unknown}
 s - a potion of magic {unknown}


   Skills:
 + Level 3.6 Fighting
 + Level 2.4 Short Blades
 + Level 2.4 Long Blades
 + Level 2.4 Axes
 + Level 8.9 Maces & Flails
 + Level 2.4 Polearms
 + Level 2.4 Staves
 + Level 2.4 Ranged Weapons
 + Level 2.4 Throwing
 + Level 10.7 Armour
 + Level 2.4 Dodging
 + Level 2.4 Stealth
 + Level 2.4 Shields
 + Level 2.4 Unarmed Combat
 + Level 2.4 Spellcasting
 + Level 2.0 Conjurations
 + Level 2.0 Hexes
 + Level 2.0 Summonings
 + Level 2.0 Necromancy
 + Level 2.0 Translocations
 + Level 2.0 Transmutations
 + Level 2.0 Fire Magic
 + Level 2.0 Ice Magic
 + Level 2.0 Air Magic
 + Level 2.0 Earth Magic
 + Level 2.0 Poison Magic
 + Level 2.7 Invocations
 + Level 2.4 Evocations


You had 10 spell levels left.
You didn't know any spells.
Your spell library was empty.

Dungeon Overview and Level Annotations

Branches:
Dungeon (5/15)
 Temple: D:4-7

Altars:
Fedhas
Uskayaw
Zin

Shops:
D:1 [=*!   D:4 :

Annotations:
D:3 Sigmund
D:6 Blork the orc, Maggie


Innate Abilities, Weirdness & Mutations

You have very sharp teeth.
Your uncanny sense of smell can sniff out nearby items.
Your experience applies equally to all skills.


Message History

The water moccasin bites you!
You hit the water moccasin.
The water moccasin is lightly wounded.
You feel sick. The water moccasin closely misses you.
You miss the water moccasin.
The water moccasin is lightly wounded.
You feel sick. The water moccasin misses you.
You sock the water moccasin!
The water moccasin is moderately wounded.
You feel sick. The water moccasin bites you.
The water moccasin bites you but does no damage.
You hit the water moccasin but do no damage.
The water moccasin is moderately wounded.
You feel sick.
The water moccasin bites you but does no damage.
You miss the water moccasin.
The water moccasin is moderately wounded.
You feel sick. The water moccasin bites you.
* * * LOW HITPOINT WARNING * * *
The water moccasin bites you.
* * * LOW HITPOINT WARNING * * *
You are lethally poisoned!
The water moccasin poisons you!
It was a potion of berserk rage.
A red film seems to cover your vision as you go berserk!
You feel yourself moving faster!
You feel mighty!
* * * LOW HITPOINT WARNING * * *
You feel very sick. The water moccasin bites you.
* * * LOW HITPOINT WARNING * * *
You are too berserk!
You are too berserk!
You miss the water moccasin.
The water moccasin is moderately wounded.
* * * LOW HITPOINT WARNING * * *
You feel very sick. The water moccasin barely misses you.
You sock the water moccasin!
The water moccasin is almost dead.
You die...

#.. #... ##'##
##...## ##.....##
##.......## #
###.........####...#
..'.........@S.....<
#.........###....#
##.......## .##
##.....## ##...##
##+## ∆ ∆


You could see a water moccasin.

Vanquished Creatures
  A scorpion (D:4)
  2 orc priests (D:3)
  3 hounds
  A jelly (D:5)
  A sleepcap (D:3)
  Terence (D:2)
  2 orc wizards (D:3)
  Robin (D:2)
  A gnoll (D:1)
  6 adders
  A shadow imp (D:6)
  A white imp (D:6)
  2 dart slugs
  14 orcs
  7 endoplasms
  2 giant cockroaches
  13 goblins
  11 hobgoblins
  4 jackals (D:1)
  13 kobolds
  A quokka (D:1)
  5 ball pythons
  A bat (D:1)
  6 frilled lizards
  5 rats
105 creatures vanquished.

Notes
Turn   | Place    | Note
-------+----------+-------------------------------------------
     0 | D:1      | Reached skill level 10 in Armour
     0 | D:1      | kingsuperguy the Gnoll Wanderer began the quest for the
                  | Orb.
     0 | D:1      | kingsuperguy set off with the following items: a +1 mace, a
                  | +2 scale mail, a potion of heal wounds.
     0 | D:1      | Reached XP level 1. HP: 17/17 MP: 1/1
    28 | D:1      | Found Cutwehi's Assorted Antiques.
    99 | D:1      | Found Biylur's Distillery.
   128 | D:1      | Found Segonte's Jewellery Shoppe.
   149 | D:1      | Reached XP level 2. HP: 21/23 MP: 2/2
   431 | D:1      | Reached XP level 3. HP: 28/28 MP: 2/4
   553 | D:1      | Reached skill level 1 in Invocations
   598 | D:1      | Found Keuhui's Armour Boutique.
  1006 | D:2      | Reached skill level 1 in Short Blades
  1006 | D:2      | Reached skill level 1 in Long Blades
  1006 | D:2      | Reached skill level 1 in Axes
  1006 | D:2      | Reached skill level 1 in Polearms
  1006 | D:2      | Reached skill level 1 in Staves
  1006 | D:2      | Reached skill level 1 in Ranged Weapons
  1006 | D:2      | Reached skill level 1 in Throwing
  1006 | D:2      | Reached skill level 1 in Dodging
  1006 | D:2      | Reached skill level 1 in Stealth
  1006 | D:2      | Reached skill level 1 in Shields
  1006 | D:2      | Reached skill level 1 in Unarmed Combat
  1006 | D:2      | Reached skill level 1 in Spellcasting
  1006 | D:2      | Reached skill level 1 in Evocations
  1076 | D:2      | Reached XP level 4. HP: 31/34 MP: 5/5
  1300 | D:2      | Noticed Robin
  1327 | D:2      | Killed Robin
  1328 | D:2      | Reached skill level 1 in Conjurations
  1328 | D:2      | Reached skill level 1 in Hexes
  1328 | D:2      | Reached skill level 1 in Summonings
  1328 | D:2      | Reached skill level 1 in Necromancy
  1328 | D:2      | Reached skill level 1 in Translocations
  1328 | D:2      | Reached skill level 1 in Transmutations
  1328 | D:2      | Reached skill level 1 in Fire Magic
  1328 | D:2      | Reached skill level 1 in Ice Magic
  1328 | D:2      | Reached skill level 1 in Air Magic
  1328 | D:2      | Reached skill level 1 in Earth Magic
  1328 | D:2      | Reached skill level 1 in Poison Magic
  1537 | D:2      | Noticed Terence
  1549 | D:2      | Killed Terence
  1550 | D:2      | Reached XP level 5. HP: 28/40 MP: 5/7
  2061 | D:3      | Reached XP level 6. HP: 44/47 MP: 8/8
  2405 | D:3      | Found a blossoming altar of Fedhas.
  2429 | D:3      | Noticed Sigmund
  2442 | D:4      | Identified the +8 short sword of the Distant Future
                  | {antimagic, rN+}
  2541 | D:4      | Found Mealuwk's Book Emporium.
  2724 | D:4      | Found a glowing silver altar of Zin.
  2953 | D:4      | Found a hide-covered altar of Uskayaw.
  3041 | D:5      | Entered Level 5 of the Dungeon
  3049 | D:5      | Reached XP level 7. HP: 47/52 MP: 10/10
  3071 | D:5      | You fall into a shaft and drop 1 floor!
  3199 | D:6      | Noticed Blork the orc
  3216 | D:6      | Noticed Maggie
  3289 | D:6      | HP: 2/78 [poisoned by a water moccasin]
  3290 | D:6      | Succumbed to a water moccasin's poison

Illustrated notes

Levels and vault maps discovered:
D:1:      minmay_arrival_stone_box, layout_rooms, serial_co_window_serial,
          co_window_of_opportunity_a, co_window_corner_a,
          co_window_of_opportunity_a, co_window_of_opportunity_a,
          co_window_paths_b, co_window_2corner, co_window_of_opportunity_b,
          co_window_2corner, co_window_broadway_a, co_window_cross_4,
          co_window_corner_b, co_window_broadway_c, glass_columns_a,
          glass_columns_a, glass_columns_a, glass_columns_b, serial_shops, shop,
          nicolae_shop_real_fake_doors, nicolae_shop_tiny_waterfront, shop,
          palyth_stone_intersect
D:2:      layout_loops_cross, uniq_robin, uniq_terence
D:3:      layout_basic, fedhas_ov_isle_minmay, minmay_misc_feat_rows,
          uniq_sigmund
D:4:      layout_cave_pools, old_standard_altar, nicolae_uskayaw_suspiria,
          serial_shops, nicolae_book_shop_shelving, uniq_crazy_yiuf_cottage
D:5:      layout_cave_pools, amcnicky_altar_gilded,
          pdpol_wu_jian_five_deadly_venoms, kennysheep_mini, minivault_4,
          uniq_eustachio
D:6:      layout_loops_corners, grunt_temple_overflow_open, uniq_blork_the_orc,
          uniq_maggie

Skill      XL: |  1  2  3  4  5  6  7 |
---------------+----------------------+-----
Armour         | | 10.7
Invocations    | 1 2 |  2.7
Short Blades   | 1 2 |  2.4
Long Blades    | 1 2 |  2.4
Axes           | 1 2 |  2.4
Polearms       | 1 2 |  2.4
Staves         | 1 2 |  2.4
Ranged Weapons | 1 2 |  2.4
Throwing       | 1 2 |  2.4
Dodging        | 1 2 |  2.4
Stealth        | 1 2 |  2.4
Shields        | 1 2 |  2.4
Unarmed Combat | 1 2 |  2.4
Spellcasting   | 1 2 |  2.4
Evocations     | 1 2 |  2.4
Conjurations   | 1 2 |  2.0
Hexes          | 1 2 |  2.0
Summonings     | 1 2 |  2.0
Necromancy     | 1 2 |  2.0
Translocations | 1 2 |  2.0
Transmutations | 1 2 |  2.0
Fire Magic     | 1 2 |  2.0
Ice Magic      | 1 2 |  2.0
Air Magic      | 1 2 |  2.0
Earth Magic    | 1 2 |  2.0
Poison Magic   | 1 2 |  2.0
Fighting       | 3 |  3.6
Maces & Flails | |  8.9

Action                     |  1- 3 |  4- 6 |  7- 9 || total
---------------------------+-------+-------+-------++-------
  Melee: Mace              |    85 |   219 |    37 ||   341
         Bite              |     3 |    15 |     2 ||    20
         Punch             |       |     3 |       ||     3
    Use: Potion            |       |     1 |     2 ||     3
         Scroll            |       |       |     2 ||     2
 Armour: Scale mail        |    31 |   118 |    14 ||   163
  Dodge: Dodged            |    48 |    97 |    22 ||   167
